SAAA
TREMONT DOUBLEDAYS @ BAGLEY LOONS
09/26/2019
 
TOP OF THE 1ST
Tremont Doubledays batting - Pitching for Bagley Loons : RHP Tony Madden
Pitching: RHP Tony Madden
Batting: RHB Dan Curtis 0-0: Called Strike
0-1: Ball
1-1: Swinging Strike
1-2: Ball
2-2: Foul Ball, location: 2F
2-2: Ground out 6-3 (Groundball, 6)
Batting: SHB Colm Neal 0-0: Foul Ball, location: 2F
0-1: Ball
1-1: Ball
2-1: Ball
3-1: Base on Balls
Batting: RHB Kazunori Ito 0-0: Ball
1-0: Called Strike
1-1: Grounds into double play, 4-6-3 (Groundball, 4M)
Top of the 1st over - 0 run(s), 0 hit(s), 0 error(s), 0 left on base; Tremont 0 - Bagley 0
BOTTOM OF THE 1ST
Bagley Loons batting - Pitching for Tremont Doubledays : RHP Bobby Swain
Pitching: RHP Bobby Swain
Batting: RHB Javier Díaz 0-0: Bunt for hit - play at first, batter OUT! 2-4
Batting: RHB Adam Hennessey 0-0: Called Strike
0-1: Ball
1-1: Foul Ball, location: 2F
1-2: Fly out, F9 (Line Drive, 9D)
Batting: RHB Karl Schultz 0-0: Swinging Strike
0-1: SOLO HOME RUN (Flyball, 7D), Distance : 358 ft
Batting: RHB Todd Blake 0-0: Called Strike
0-1: Ball
1-1: Ball
2-1: Called Strike
2-2: Ground out 5-3 (Groundball, 5S)
Bottom of the 1st over - 1 run(s), 1 hit(s), 0 error(s), 0 left on base; Tremont 0 - Bagley 1
TOP OF THE 2ND
Tremont Doubledays batting - Pitching for Bagley Loons : RHP Tony Madden
Batting: SHB Carroll Kline 0-0: Called Strike
0-1: Fly out, F9 (Flyball, 89M)
Batting: LHB Félix López 0-0: Swinging Strike
0-1: Ball
1-1: Swinging Strike
1-2: Ball
2-2: Ball
3-2: Base on Balls
Batting: RHB Iván Ríos 0-0: Called Strike
0-1: Foul Ball, location: 2F
0-2: Ball
1-2: Strikes out looking
Batting: RHB Roy Clay 0-0: Called Strike
0-1: Called Strike
0-2: Strikes out swinging
Top of the 2nd over - 0 run(s), 0 hit(s), 0 error(s), 1 left on base; Tremont 0 - Bagley 1
BOTTOM OF THE 2ND
Bagley Loons batting - Pitching for Tremont Doubledays : RHP Bobby Swain
Batting: RHB Bill Dennis 0-0: Swinging Strike
0-1: Ball
1-1: Swinging Strike
1-2: Reached on error, E6 (Groundball, 6)
Batting: RHB Allen Murphy 0-0: Ball
1-0: Called Strike
1-1: Called Strike
1-2: Ball
2-2: Ball
3-2: Base on Balls
Batting: RHB Karl Stevens 0-0: Called Strike
0-1: Foul Ball, location: 2F
0-2: Foul Ball, location: 2F
0-2: Foul Ball, location: 2F
0-2: Ball
1-2: Fly out, F9 (Flyball, 9M)
Batting: RHB Jason Dunn 0-0: Called Strike
0-1: Ball
1-1: Ball
2-1: Foul Ball, location: 2F
2-2: Foul Ball, location: 2F
2-2: Ball
3-2: Base on Balls
Bill Dennis to third
Allen Murphy to second
Batting: RHB Eddie O'Bryan 0-0: Swinging Strike
0-1: Ball
1-1: Ball
2-1: Foul Ball, location: 2F
2-2: Ball
3-2: Grounds into double play, 4-6-3 (Groundball, 4)
Bottom of the 2nd over - 0 run(s), 0 hit(s), 1 error(s), 2 left on base; Tremont 0 - Bagley 1
TOP OF THE 3RD
Tremont Doubledays batting - Pitching for Bagley Loons : RHP Tony Madden
Batting: RHB Claudio Mendoza 0-0: Called Strike
0-1: Foul Ball, location: 2F
0-2: Strikes out looking
Batting: RHB William Gaines 0-0: Foul Ball, location: 2F
0-1: Swinging Strike
0-2: Strikes out swinging
Batting: RHB Dan Curtis 0-0: Ball
1-0: Foul Ball, location: 2F
1-1: Ball
2-1: Foul Ball, location: 2F
2-2: Strikes out looking
Top of the 3rd over - 0 run(s), 0 hit(s), 0 error(s), 0 left on base; Tremont 0 - Bagley 1
BOTTOM OF THE 3RD
Bagley Loons batting - Pitching for Tremont Doubledays : RHP Bobby Swain
Batting: RHB Javier Díaz 0-0: Foul Ball, location: 2F
0-1: SINGLE (Groundball, 4M)
Batting: RHB Adam Hennessey 0-0: Grounds into double play, 5-4-3 (Groundball, 56)
Batting: RHB Karl Schultz 0-0: Ball
1-0: DOUBLE (Line Drive, 6M)
Batting: RHB Todd Blake 0-0: Ball
1-0: Ball
2-0: Called Strike
2-1: Foul Ball, location: 2F
2-2: Foul Ball, location: 2F
2-2: Foul Ball, location: 2F
2-2: Ball
3-2: Base on Balls
Batting: RHB Bill Dennis 0-0: Ball
1-0: Ball
2-0: Ball
3-0: Base on Balls
Karl Schultz to third
Todd Blake to second
Batting: RHB Allen Murphy 0-0: Ball
1-0: Ball
2-0: Ground out 4-3 (Groundball, 4)
Bottom of the 3rd over - 0 run(s), 2 hit(s), 0 error(s), 3 left on base; Tremont 0 - Bagley 1
TOP OF THE 4TH
Tremont Doubledays batting - Pitching for Bagley Loons : RHP Tony Madden
Batting: SHB Colm Neal 0-0: Ball
1-0: Called Strike
1-1: Foul Ball, location: 2F
1-2: Fly out, F3 (Line Drive, 3)
Batting: RHB Kazunori Ito 0-0: Called Strike
0-1: Foul Ball, location: 2F
0-2: Ball
1-2: Foul Ball, location: 2F
1-2: Ball
2-2: Ground out 5-3 (Groundball, 56S)
Batting: SHB Carroll Kline 0-0: Ball
1-0: Swinging Strike
1-1: Ball
2-1: Swinging Strike
2-2: Strikes out swinging
Top of the 4th over - 0 run(s), 0 hit(s), 0 error(s), 0 left on base; Tremont 0 - Bagley 1
BOTTOM OF THE 4TH
Bagley Loons batting - Pitching for Tremont Doubledays : RHP Bobby Swain
Batting: RHB Karl Stevens 0-0: Ball
1-0: Ground out 1-3 (Groundball, 15)
Batting: RHB Jason Dunn 0-0: Swinging Strike
0-1: Ground out 5-3 (Groundball, 5)
Batting: RHB Eddie O'Bryan 0-0: Ball
1-0: Ball
2-0: Ball
3-0: Called Strike
3-1: SINGLE (Flyball, 78S)
Batting: RHB Javier Díaz 0-0: Foul Ball, location: 2F
0-1: Ball
1-1: Ball
2-1: Swinging Strike
2-2: Ball
3-2: Ground out 5-3 (Groundball, 56)
Bottom of the 4th over - 0 run(s), 1 hit(s), 0 error(s), 1 left on base; Tremont 0 - Bagley 1
TOP OF THE 5TH
Tremont Doubledays batting - Pitching for Bagley Loons : RHP Tony Madden
Batting: LHB Félix López 0-0: Called Strike
0-1: SINGLE (Groundball, 6MD)
Batting: RHB Iván Ríos 0-0: Sac Bunt - play at first, batter OUT! 1-3
Félix López to second
Batting: RHB Roy Clay 0-0: Ball
1-0: SINGLE (Groundball, 56D)
Félix López to third
Runner from 3rd tries for Home, SAFE, throw made home
Batting: RHB Claudio Mendoza 0-0: Ball
1-0: Ball
2-0: Called Strike
2-1: Ball
3-1: 2-RUN HOME RUN (Flyball, 78XD), Distance : 372 ft
Batting: RHB William Gaines 0-0: SINGLE (Flyball, 9LS)
Batting: RHB Dan Curtis 0-0: Grounds into double play, 6-4-3 (Groundball, 6)
Top of the 5th over - 3 run(s), 4 hit(s), 0 error(s), 0 left on base; Tremont 3 - Bagley 1
BOTTOM OF THE 5TH
Bagley Loons batting - Pitching for Tremont Doubledays : RHP Bobby Swain
Batting: RHB Adam Hennessey 0-0: Reached on error, E6 (Groundball, 6M)
Batting: RHB Karl Schultz 0-0: Ball
1-0: Foul Ball, location: 2F
1-1: SINGLE (Line Drive, 34)
Adam Hennessey to second
Batting: RHB Todd Blake 0-0: Ball
1-0: Ball
2-0: Called Strike
2-1: Swinging Strike
2-2: Ball
3-2: Fly out, F9 (Flyball, 9LM)
Batting: RHB Bill Dennis 0-0: Ball
Wild Pitch!
Adam Hennessey to third
Karl Schultz to second
1-0: Ball
Wild Pitch!
Adam Hennessey scores
Karl Schultz to third
2-0: Ball
3-0: Called Strike
3-1: Base on Balls
Batting: RHB Allen Murphy 0-0: Ball
1-0: Called Strike
1-1: Foul Ball, location: 2F
1-2: Ball
2-2: Fly out, F9 (Flyball, 9LS)
Batting: RHB Karl Stevens 0-0: Ball
1-0: Called Strike
1-1: Ball
2-1: Fly out, F9 (Popup, 4D)
Bottom of the 5th over - 1 run(s), 1 hit(s), 1 error(s), 2 left on base; Tremont 3 - Bagley 2
TOP OF THE 6TH
Tremont Doubledays batting - Pitching for Bagley Loons : RHP Tony Madden
Batting: SHB Colm Neal 0-0: Ball
1-0: Ball
2-0: Ball
3-0: Foul Ball, location: 2F
3-1: Ground out 3-1 (Groundball, 34S)
Batting: RHB Kazunori Ito 0-0: Ball
1-0: SOLO HOME RUN (Flyball, 7D), Distance : 344 ft
Batting: SHB Carroll Kline 0-0: Ground out 4-3 (Groundball, 34)
Batting: LHB Félix López 0-0: Ball
1-0: Ball
2-0: Foul Ball, location: 2F
2-1: Ground out U3 (Groundball, 3)
Top of the 6th over - 1 run(s), 1 hit(s), 0 error(s), 0 left on base; Tremont 4 - Bagley 2
BOTTOM OF THE 6TH
Bagley Loons batting - Pitching for Tremont Doubledays : RHP Bobby Swain
Batting: RHB Jason Dunn 0-0: Called Strike
0-1: Reached on error, E3 (Groundball, 34)
Batting: RHB Eddie O'Bryan 0-0: Ball
1-0: Ball
2-0: Called Strike
2-1: Ball
3-1: Called Strike
3-2: Strikes out swinging
Batting: RHB Javier Díaz 0-0: Called Strike
0-1: Ball
Jason Dunn steals 3rd base
1-1: SINGLE (Line Drive, 89S)
Jason Dunn scores
Pitching: RHP Pablo Solano
Batting: RHB Adam Hennessey 0-0: Called Strike
0-1: Ball
1-1: Fly out, F8 (Flyball, 8RD)
Batting: RHB Karl Schultz 0-0: Ball
1-0: 2-RUN HOME RUN (Flyball, 78XD), Distance : 381 ft
Batting: RHB Todd Blake 0-0: Called Strike
0-1: Ball
1-1: Called Strike
1-2: Ground out 6-3 (Groundball, 6)
Bottom of the 6th over - 3 run(s), 2 hit(s), 1 error(s), 0 left on base; Tremont 4 - Bagley 5
TOP OF THE 7TH
Tremont Doubledays batting - Pitching for Bagley Loons : RHP Tony Madden
Batting: RHB Iván Ríos 0-0: Ball
1-0: Called Strike
1-1: Ball
2-1: Ground out 5-3 (Groundball, 56S)
Batting: RHB Roy Clay 0-0: Called Strike
0-1: Swinging Strike
0-2: Ball
1-2: Ball
2-2: DOUBLE (Line Drive, 5D)
Pinch Hitting: SHB Todd Hill 0-0: Foul Ball, location: 2F
0-1: Ball
1-1: Ball
2-1: Called Strike
2-2: Foul Ball, location: 2F
2-2: Ground out 3-1 (Groundball, 34)
Roy Clay to third
Pinch Hitting: LHB Jarred Smith 0-0: Called Strike
0-1: Called Strike
0-2: Strikes out looking
Top of the 7th over - 0 run(s), 1 hit(s), 0 error(s), 1 left on base; Tremont 4 - Bagley 5
BOTTOM OF THE 7TH
Bagley Loons batting - Pitching for Tremont Doubledays : RHP Pablo Solano
Now at 3B: Raúl Catuncan
Now in LF: Todd Hill
Batting: RHB Bill Dennis 0-0: Ball
1-0: SINGLE (Line Drive, 4)
Batting: RHB Allen Murphy 0-0: Called Strike
0-1: Ball
1-1: Ball
2-1: Foul Ball, location: 2F
2-2: 2-RUN HOME RUN (Flyball, 78XD), Distance : 392 ft
Pitching: RHP Larry Branch
Batting: RHB Karl Stevens 0-0: Ball
1-0: Ball
2-0: Called Strike
2-1: Ground out 5-3 (Groundball, 5S)
Batting: RHB Jason Dunn 0-0: Ball
1-0: Called Strike
1-1: Fly out, F8 (Flyball, 8LS)
Batting: RHB Eddie O'Bryan 0-0: Ball
1-0: Ball
2-0: SINGLE (Groundball, 34D)
Batting: RHB Javier Díaz 0-0: Called Strike
Eddie O'Bryan steals 2nd base
0-1: Called Strike
0-2: Ball
1-2: Ball
2-2: Foul Ball, location: 2F
2-2: Ball
3-2: Fly out, F4 (Popup, 34D)
Bottom of the 7th over - 2 run(s), 3 hit(s), 0 error(s), 1 left on base; Tremont 4 - Bagley 7
TOP OF THE 8TH
Tremont Doubledays batting - Pitching for Bagley Loons : RHP Tony Madden
Pitching: RHP Alberto Díaz
Now at C: Stu Henderson
Now at 1B: Rafael García
Batting: RHB Dan Curtis 0-0: Ball
1-0: Ground out 6-3 (Groundball, 6M)
Batting: SHB Colm Neal 0-0: Fly out, F4 (Popup, 4M)
Batting: RHB Kazunori Ito 0-0: Called Strike
0-1: Ball
1-1: Ball
2-1: Called Strike
2-2: Ball
3-2: Strikes out swinging
Top of the 8th over - 0 run(s), 0 hit(s), 0 error(s), 0 left on base; Tremont 4 - Bagley 7
BOTTOM OF THE 8TH
Bagley Loons batting - Pitching for Tremont Doubledays : RHP Larry Branch
Batting: RHB Adam Hennessey 0-0: Fly out, F8 (Flyball, 8LS)
Batting: RHB Karl Schultz 0-0: Ball
1-0: Ball
2-0: Ball
3-0: Base on Balls
Batting: LHB Rafael García 0-0: Ball
1-0: Called Strike
1-1: Called Strike
1-2: Ball
2-2: Foul Ball, location: 2F
2-2: SINGLE (Line Drive, 89S)
Karl Schultz to second
Batting: RHB Bill Dennis 0-0: Ball
1-0: Reached on error, E6 (Groundball, 6)
Karl Schultz to third
Rafael García to second
Batting: RHB Stu Henderson 0-0: Called Strike
0-1: Ball
1-1: Swinging Strike
1-2: Fly out, F7 (Line Drive, 7M)
Runner from 3rd tags up, SCORES, throw made
Batting: RHB Karl Stevens 0-0: Called Strike
0-1: Foul Ball, location: 2F
0-2: Ball
1-2: Fly out, F8 (Flyball, 78M)
Bottom of the 8th over - 1 run(s), 1 hit(s), 1 error(s), 2 left on base; Tremont 4 - Bagley 8
TOP OF THE 9TH
Tremont Doubledays batting - Pitching for Bagley Loons : RHP Alberto Díaz
Batting: SHB Carroll Kline 0-0: DOUBLE (Line Drive, 78D)
Batting: LHB Félix López 0-0: Called Strike
0-1: Ball
1-1: Ground out 4-3 (Groundball, 4)
Carroll Kline to third
Batting: RHB Iván Ríos 0-0: Ball
1-0: Foul Ball, location: 2F
1-1: Swinging Strike
1-2: Ball
2-2: Strikes out looking
Batting: RHB Roy Clay 0-0: Called Strike
0-1: Ball
1-1: Called Strike
1-2: Foul Ball, location: 2F
1-2: Ball
2-2: Foul Ball, location: 2F
2-2: DOUBLE (Groundball, 5L)
Carroll Kline scores
Pitching: RHP Jeremy Gutiérrez
Batting: SHB Todd Hill 0-0: Swinging Strike
0-1: Fly out, F8 (Flyball, 8RS)
Top of the 9th over - 1 run(s), 2 hit(s), 0 error(s), 1 left on base; Tremont 5 - Bagley 8
This league is powered by Out of the Park Baseball, the baseball management simulation game for PC, Mac and Linux
Saturday, July 25th, 2015 - OOTP Baseball 15.6 Build 34